 Dungeon Crawl Stone Soup version 0.19-a0-1127-gac58878 (webtiles) character file.

3759 epen the Gouger (level 9, -2/43 HPs)
             Began as a Felid Monk on Aug 12, 2016.
             Was an Elder of Trog.
             Slain by an ogre
             ... wielding a +0 giant club
              (18 damage)
             ... on level 9 of the Dungeon.
             The game lasted 00:13:06 (8092 turns).

epen the Gouger (Felid Monk)                        Turns: 8092, Time: 00:13:06

Health: -2/43      AC:  4    Str:  7    XL:     9   Next: 94%
Magic:  11/11      EV: 27    Int: 14    God:    Trog [****..]
Gold:   448        SH:  0    Dex: 19    Spells: 0 memorised, 8 levels left
                                        Lives:  0   Deaths: 2

rFire  . . .     SeeInvis +       - Unarmed
rCold  . . .     Gourm    .     (armour unavailable)
rNeg   . . .     Faith    .     (shield unavailable)
rPois  +         Spirit   .     (helmet unavailable)
rElec  .         Dismiss  .     (cloak unavailable)
rCorr  .         Reflect  .     (gloves unavailable)
SustAt +         Harm     .     (boots unavailable)
MR     +....                    e - amulet of regeneration
Stlth  ++++++....               z - ring of poison resistance
                                r - ring of sustain attributes

@: quick
A: no armour, no weapons or thrown items, claws 1, fangs 3, molten scales 1, see
invisible, carnivore 3, speed 1, shaggy fur 2, slow metabolism 1, sharp paws
a: Berserk, Trog's Hand, Brothers in Arms, Burn Spellbooks, Renounce Religion


You were on level 9 of the Dungeon.
You worshipped Trog.
Trog was greatly pleased with you.
You were completely stuffed.

You visited 2 branches of the dungeon, and saw 10 of its levels.

You collected 448 gold pieces.

Inventory:

Jewellery
 e - an amulet of regeneration (around neck)
 r - a ring of sustain attributes (left paw)
 z - a ring of poison resistance (right paw)
Wands
 x - a wand of random effects (15/48)
 A - a wand of random effects (18/48)
Scrolls
 c - 12 scrolls of identify {unknown}
 g - a scroll of fear {unknown}
 h - 5 scrolls of remove curse {unknown}
 k - 4 scrolls of enchant armour {unknown}
 m - 2 scrolls of noise {unknown}
 n - 2 scrolls of amnesia {unknown}
 s - 2 scrolls of fog {unknown}
 t - a scroll of vulnerability {unknown}
 u - a scroll of enchant weapon {unknown}
 v - 2 scrolls of immolation {unknown}
 w - a scroll of teleportation
 y - a scroll of random uselessness {unknown}
Potions
 d - 2 potions of berserk rage
 f - a potion of magic
 j - a potion of agility {unknown}
 l - a potion of lignification {unknown}
 o - a potion of ambrosia {unknown}
Books
 p - a book of Clouds

   Spells                             Type                      Level
   a - Mephitic Cloud                 Conjuration/Poison/Air       3
   b - Conjure Flame                  Conjuration/Fire             3
   c - Poisonous Cloud                Conjuration/Poison/Air       6
   d - Freezing Cloud                 Conjuration/Ice/Air          6
   e - Ring of Flames                 Charms/Fire                  7
   Trog disapproves of the use of such an item.
Miscellaneous
 C - a sack of spiders
Comestibles
 a - 5 meat rations
 b - a slice of pizza
 q - 3 beef jerkies
 B - 10 royal jellies


   Skills:
 + Level 7.3 Fighting
 + Level 10.0 Dodging
 + Level 9.7 Stealth
 * Level 10.1 Unarmed Combat
 + Level 2.1 Evocations


You had 8 spell levels left.
You didn't know any spells.

Dungeon Overview and Level Annotations

Branches:
Dungeon (9/15)             Temple (1/1) D:7            Lair (0/6) D:8
    Orc: D:9-12

Altars:
Ashenzari
Cheibriados
Dithmenos
Elyvilon
Fedhas
Gozag
Hepliaklqana
Kikubaaqudgha
Makhleb
Nemelex Xobeh
Okawaru
Pakellas
Qazlal
Ru
Sif Muna
Trog
Uskayaw
Vehumet
Xom
Yredelemnul
Zin
The Shining One

Shops:
D:4 %   D:7 %

Annotations:
D:4 Pikel
D:5 WhatIsLove's ghost, amateur DrTm
D:6 1 runed door


Innate Abilities, Weirdness & Mutations

You cannot wear armour.
You are incapable of wielding weapons or throwing items.
You have sharp claws.
You have razor-sharp teeth.
You have supernaturally acute eyesight. (SInv)
You are carnivorous and can eat meat at any time.
You cover ground quickly.
You are covered in thick fur. (AC +2)
You have a slow metabolism.
Your sharp claws are effective at attacking unaware monsters.
You are partially covered in molten scales. (AC +2)


Message History

You claw the crimson imp! Your claw misses the crimson imp.
The crimson imp is almost dead.
The crimson imp misses you.
The ogre shouts!
You scratch the crimson imp.
You kill the crimson imp!
Trog accepts your kill.
An ogre is nearby!
You barely miss the ogre. You scratch the ogre but do no damage.
The ogre hits you with a giant club!!
Ouch! That really hurt!
You claw the ogre!
The ogre is heavily wounded.
The ogre completely misses you.
You scratch the ogre.
The ogre is severely wounded.
You scratch the ogre.
The ogre is severely wounded.
The ogre hits you with a giant club!!
You die...

#.....########
#............
#..))).....#
#..).......###...
#................
#.........###
#.#.......# #.#.......#
#.#...@(..########
#.....O.†........#
#..............#.#
#.##...#.......#.######
#......#...............
#.........#'##.........
#.........#..#.#..#..##
#..)....#.#..#.......##
#.....>...##.#.........


You could see an ogre.

Vanquished Creatures
  A komodo dragon (D:9)
  A two-headed ogre (D:8)
  A wraith (D:8)
  A yak (D:9)
  A hippogriff (D:8)
  Menkaure (D:5)
  2 water moccasins
  A soldier ant (D:9)
  An eye of draining (D:8)
  2 ice beasts
  2 black bears (D:7)
  3 wasps (D:9)
  A necrophage (D:7)
  5 centaurs
  3 ogres
  The ghost of p0werm0de the Firebug, an amateur OpFE (D:3)
  Blork the orc (D:4)
  4 giant frogs
  4 scorpions
  A water moccasin skeleton (D:8)
  5 killer bees
  4 wights (D:8)
  A jelly (D:9)
  4 hounds
  A quasit (D:6)
  5 crimson imps
  3 orc priests
  A centaur skeleton (D:6)
  A giant frog skeleton (D:7)
  Jessica (D:2)
  Ijyb (D:3)
  Terence (D:2)
  Natasha (thrice) (D:4)
  An iguana (D:7)
  5 orc wizards
  10 worker ants
  3 hound zombies
  A hound skeleton (D:5)
  A howler monkey zombie (D:5)
  5 adders
  3 gnolls (D:8)
  A howler monkey skeleton (D:5)
  A shadow imp (D:5)
  An ooze (D:4)
  2 adder skeletons
  An adder zombie (D:6)
  3 worms
  2 dart slugs
  5 giant geckos
  21 orcs
  11 giant cockroaches
  2 goblins
  10 hobgoblins
  7 jackals (D:8)
  2 quokkas (D:7)
  A ball python skeleton (D:4)
  5 bats
  A giant gecko skeleton (D:4)
  4 giant newts
  4 kobolds
  A quokka skeleton (D:6)
  12 rats
194 creatures vanquished.

Vanquished Creatures (others)
  A rakshasa (D:2)
1 creature vanquished.

Grand Total: 195 creatures vanquished

Notes
Turn   | Place    | Note
-------+----------+-------------------------------------------
     0 | D:1      | epen the Felid Monk began the quest for the Orb.
     0 | D:1      | Reached XP level 1. HP: 10/10 MP: 2/2
   283 | D:1      | Reached XP level 2. HP: 14/14 MP: 3/3
   727 | D:2      | Found a faded altar of an unknown god.
   759 | D:2      | Reached XP level 3. HP: 17/17 MP: 4/4
   862 | D:2      | Noticed Terence
  1063 | D:2      | Killed Terence
  1132 | D:2      | Found an oddly glowing altar of Pakellas.
  1132 | D:2      | Noticed a rakshasa
  1159 | D:2      | Killed a rakshasa
  1383 | D:2      | Noticed Jessica
  1391 | D:2      | Killed Jessica
  1391 | D:2      | Reached XP level 4. HP: 11/21 MP: 5/5
  1585 | D:3      | Noticed Ijyb
  1587 | D:3      | Found a burning altar of Makhleb.
  1608 | D:3      | Killed Ijyb
  1719 | D:3      | Noticed p0werm0de's ghost (amateur OpFE)
  1737 | D:3      | Killed p0werm0de's ghost
  1737 | D:3      | Reached skill level 5 in Dodging
  1737 | D:3      | Reached XP level 5. HP: 12/25 MP: 6/6
  2168 | D:4      | Found a shadowy altar of Dithmenos.
  2299 | D:4      | Found Imyaruv's Food Emporium.
  2308 | D:4      | Gained mutation: You are covered in thick fur. (AC +2) [Felid growth]
  2308 | D:4      | Reached XP level 6. HP: 28/28 MP: 7/7
  2430 | D:4      | Noticed Blork the orc
  2446 | D:4      | Killed from afar by Blork the orc
  2447 | D:4      | Reached XP level 5. HP: -1/25 MP: 6/6
  2485 | D:4      | Killed Blork the orc
  2485 | D:4      | Reached skill level 5 in Stealth
  2485 | D:4      | Reached skill level 5 in Unarmed Combat
  2495 | D:4      | Noticed Pikel
  2495 | D:4      | Noticed a slave
  2496 | D:4      | Noticed a slave
  2497 | D:4      | Noticed a slave
  2596 | D:4      | Noticed Natasha
  2603 | D:4      | Killed Natasha
  2674 | D:4      | Noticed a slave
  2682 | D:4      | Noticed Natasha
  2688 | D:5      | Entered Level 5 of the Dungeon
  2731 | D:5      | Noticed a centaur
  2732 | D:5      | Reached XP level 6. HP: 28/28 MP: 7/7
  2924 | D:5      | Noticed a moth of wrath
  2927 | D:5      | Found a bloodstained altar of Trog.
  3076 | D:5      | Became a worshipper of Trog the Wrathful
  3076 | D:5      | Reached * piety under Trog
  3076 | D:5      | Reached ** piety under Trog
  3247 | D:5      | Noticed Menkaure
  3261 | D:5      | Killed Menkaure
  3261 | D:5      | Reached XP level 7. HP: 33/33 MP: 8/8
  3591 | D:5      | Reached skill level 5 in Fighting
  3818 | D:5      | Noticed WhatIsLove's ghost (amateur DrTm)
  3873 | D:4      | Killed Natasha
  3918 | D:4      | Noticed Natasha
  3931 | D:4      | Killed Natasha
  4837 | D:6      | Found a runed door.
  4868 | D:6      | Found a runed door.
  4905 | D:6      | Reached XP level 8. HP: 37/37 MP: 9/9
  5858 | D:7      | Reached *** piety under Trog
  6131 | D:7      | Reached XP level 9. HP: 41/41 MP: 10/10
  6272 | D:7      | Found a staircase to the Ecumenical Temple.
  6305 | Temple   | Entered the Ecumenical Temple
  6702 | D:7      | Found Qugav's Food Shoppe.
  6800 | D:8      | Shot with an arrow by a centaur
  6801 | D:8      | Reached XP level 8. HP: -4/58 MP: 9/9
  6899 | D:8      | Found a staircase to the Lair.
  7030 | D:8      | HP: 1/39 [hippogriff (8)]
  7159 | D:8      | Reached XP level 9. HP: 42/42 MP: 10/10
  7354 | D:8      | Reached **** piety under Trog
  7651 | D:9      | Reached skill level 1 in Evocations
  7818 | D:9      | Found a glowing golden altar of the Shining One.
  7871 | D:9      | Noticed a komodo dragon
  7878 | D:9      | Killed a komodo dragon
  7878 | D:9      | Reached skill level 10 in Unarmed Combat
  8027 | D:9      | Reached skill level 10 in Dodging
  8029 | D:9      | Gained mutation: You are partially covered in molten scales. (AC +2) [potion of beneficial mutation]
  8092 | D:9      | Slain by an ogre

Vault maps used:
D:1:      co_arrival_square_in_a_square_in_a_square
D:2:      gammafunk_pakellas_cloud_experiment, ecumenical_altar_1, first_bread,
          uniq_terence, uniq_jessica
D:3:      old_standard_altar, uniq_iyjb
D:4:      serial_shops, nicolae_shop_crystal,
          nicolae_dithmenos_through_a_glass_darkly, uniq_natasha,
          uniq_blork_the_orc, uniq_pikel
D:5:      tgw_trog, uniq_menkaure
D:6:      lemuel_insect_pit, moated_statue
D:7:      serial_shops, nicolae_shop_statue_plus
D:8:      lair_0_dummy
D:9:      kennysheep_mini, hangedman_pestilent_swarm, uniq_psyche
Temple:   regret_index_temple_mists

Skill      XL: |  1  2  3  4  5  6  7  8  9 |
---------------+----------------------------+-----
Stealth        | 3 4 5 6 7 9 |  9.7
Unarmed Combat | 4 5 6 9 10 | 10.1
Dodging        | 5 6 9 10 | 10.0
Fighting       | 4 5 6 7 |  7.3
Evocations     | 2 |  2.1

Action                   |  1- 3 |  4- 6 |  7- 9 || total
-------------------------+-------+-------+-------++-------
Melee: Unarmed           |   100 |   134 |   445 ||   679
       Bite              |     8 |     8 |    41 ||    57
       Punch             |     3 |     2 |    18 ||    23
Invok: Berserk           |       |     1 |    13 ||    14
       Trog's Hand       |       |     1 |     3 ||     4
  Use: Potion            |     1 |     2 |     6 ||     9
       Scroll            |       |       |     1 ||     1
 Stab: Sleeping          |     9 |    16 |    37 ||    62
       Distracted        |       |     1 |     2 ||     3
  Eat: Chunk             |     7 |     9 |    26 ||    42
Armor: Skin              |     9 |     3 |    14 ||    26
Dodge: Dodged            |    74 |    82 |   520 ||   676
